 Dungeon Crawl Stone Soup version 0.23.2-33-g5129a83184 (webtiles) character file.

Game seed: 11748356700989296074

180 Kold the Insei (level 5, -1/33 HPs)
             Began as an Octopode Transmuter on July 31, 2019.
             Was a Follower of Qazlal.
             Slain by an orc wizard
             ... wielding a +0 dagger
              (5 damage)
             ... on level 3 of the Dungeon.
             The game lasted 00:03:59 (2781 turns).

Kold the Insei (Octopode Transmuter)                Turns: 2781, Time: 00:03:59

Health: -1/33      AC:  1    Str: 10    XL:     5   Next: 60%
Magic:  8/8        EV: 14    Int: 16    God:    Qazlal [*.....]
Gold:   158        SH:  1    Dex: 12    Spells: 4/8 levels left

rFire    . . .     SeeInvis .     - Unarmed
rCold    . . .     Gourm    .   (no shield)
rNeg     . . .     Faith    .   (helmet restricted)
rPois    .         Spirit   .   (no amulet)
rElec    .         Reflect  .   (no ring)
rCorr    .         Harm     .   (no ring)
MR       .....                  (no ring)
Stlth    +++.......             (no ring)
HPRegen  0.11/turn              (no ring)
MPRegen  0.11/turn              (no ring)
                                (no ring)
                                (no ring)

@: appendage, hasted, very quick
A: almost no armour, stealthy swim, amphibious, 8 rings, constrict 8, tentacle
spike 3, camouflage 1, gelatinous body 1
a: End Transformation, Renounce Religion


You were on level 3 of the Dungeon.
You worshipped Qazlal.
Qazlal was aware of your devotion.
You were not hungry.
One of your tentacles had a temporary spike.
You visited 1 branch of the dungeon, and saw 3 of its levels.

You collected 158 gold pieces.

Inventory:

Missiles
 a - 20 arrows
Armour
 p - a +0 buckler
Jewellery
 f - an uncursed amulet of guardian spirit {unknown}
Scrolls
 b - a scroll of enchant armour {unknown}
 d - a scroll of fear {unknown}
 e - a scroll of remove curse {unknown}
 g - a scroll of teleportation {unknown}
 i - 3 scrolls of identify {unknown}
 j - 2 scrolls of blinking {unknown}
 k - a scroll of immolation {unknown}
 n - a scroll of random uselessness {unknown}
 o - a scroll of enchant weapon {unknown}
Potions
 h - a potion of agility {unknown}
 l - 2 potions of curing {unknown}
 m - a potion of lignification {unknown}
 r - a potion of haste
Comestibles
 c - 5 rations
 q - 2 chunks of flesh


   Skills:
 - Level 1.0 Fighting
 + Level 3.1 Dodging
 + Level 2.7 Stealth
 + Level 4.2 Unarmed Combat
 - Level 2.1 Spellcasting
 + Level 2.8 Transmutations
 + Level 1.6 Poison Magic


You had 4 spell levels left.
You knew the following spells:

 Your Spells              Type           Power        Failure   Level  Hunger
a - Beastly Appendage     Tmut           ##....       6%          1    #......
b - Spider Form           Tmut/Pois      #.........   24%         3    ###....

Your spell library contained the following spells:

 Spells                   Type           Power        Failure   Level  Hunger
 Sticks to Snakes         Tmut           ##......     10%         2    ###....
 Corona                   Hex            #......      21%         1    #......
 Magic Dart               Conj           #...         21%         1    #......
 Blink                    Tloc           N/A          30%         2    ###....
 Call Imp                 Summ           #.......     30%         2    ###....
 Ensorcelled Hibernation  Hex/Ice        #.....       30%         2    ###....
 Slow                     Hex            #.......     30%         2    ###....
 Mephitic Cloud           Conj/Pois/Air  #.......     45%         3    ###....
 Confuse                  Hex            #.......     52%         3    ###....
 Conjure Flame            Conj/Fire      #.......     52%         3    ###....
 Dazzling Spray           Conj/Hex       #.....       52%         3    ###....
 Tukima's Dance           Hex            #.......     52%         3    ###....
 Ice Form                 Ice/Tmut       #.......     75%         4    #####..
 Blade Hands              Tmut           ##........   87%         5    ######.


Dungeon Overview and Level Annotations

Branches:
Dungeon (3/15)

Altars:
Qazlal


Innate Abilities, Weirdness & Mutations

You cannot wear most types of armour.
You are very stealthy in the water. (Stealth+)
You are amphibious.
You can wear up to eight rings at the same time.
You can use your tentacles to constrict eight enemies at once.
Your skin changes colour to match your surroundings (Stealth+).
Your rubbery body absorbs attacks. (AC +1, EV +1)
One of your tentacles bears a large vicious spike.


Message History

Qazlal accepts your kill. The orc wizard completely misses you.
The adder completely misses you. Something hits you but does no damage.
You tentacle-slap the orc wizard. You grab the orc wizard.
The orc wizard is almost dead.
You constrict the orc wizard. The orc wizard misses you. The adder bites you.
Something hits you.
The orc wizard hits you but does no damage.
The orc hits you but does no damage.
Unknown command.
You feel yourself speed up.
You constrict the orc wizard, but do no damage.
You hear some strange, mumbled words.
A puff of frost appears from out of thin air!
The puff of frost hits you.
* * * LOW HITPOINT WARNING * * *
The adder bites you.
* * * LOW HITPOINT WARNING * * *
The orc wizard hits you with a +0 dagger.
You die...

............##.
............#.. .... ##
....#.##..#... ....
##...[............ .....
...###...........
.<.o####.##............
.....#.>#............
#.#S##..............
#.o@###.............
#####.o..#.............
........?...............
...........#............
..########.#............
. #.#............
#..............
#.#.........#..
#.......... ##.


You could see an orc wizard, an adder and an orc.

Vanquished Creatures
  A crimson imp (D:3)
  A worker ant (D:2)
  4 gnolls (D:2)
  An adder (D:2)
  2 oozes
  A worm (D:2)
  5 dart slugs
  3 orcs (D:3)
  3 bats (D:2)
  2 giant cockroaches (D:2)
  8 goblins
  6 hobgoblins
  7 jackals (D:2)
  2 kobolds (D:2)
  2 frilled lizards
  6 rats (D:1)
54 creatures vanquished.

Notes
Turn   | Place    | Note
-------+----------+-------------------------------------------
     0 | D:1      | Kold the Octopode Transmuter began the quest for the Orb.
     0 | D:1      | Reached XP level 1. HP: 13/13 MP: 3/3
   189 | D:1      | Reached XP level 2. HP: 10/18 MP: 3/5
   812 | D:2      | Reached XP level 3. HP: 16/23 MP: 4/6
  1201 | D:2      | Learned a level 3 spell: Spider Form
  1225 | D:2      | Reached skill level 1 in Stealth
  1225 | D:2      | Reached XP level 4. HP: 28/28 MP: 5/7
  1973 | D:2      | Reached skill level 4 in Unarmed Combat
  2003 | D:2      | Reached skill level 1 in Poison Magic
  2018 | D:2      | Reached XP level 5. HP: 18/33 MP: 6/8
  2263 | D:2      | Found a faded altar of an unknown god.
  2273 | D:2      | Became a worshipper of Qazlal Stormbringer
  2273 | D:2      | Reached * piety under Qazlal
  2781 | D:3      | Slain by an orc wizard

Skill      XL: |  1  2  3  4  5 |
---------------+----------------+-----
Stealth        | 1 2 |  2.7
Unarmed Combat | 4 |  4.2
Poison Magic   | 1 |  1.6
Dodging        | 3 |  3.1
Fighting       | |  1.0
Spellcasting   | |  2.1
Transmutations | |  2.8

Action                   |  1- 3 |  4- 6 || total
-------------------------+-------+-------++-------
Melee: Unarmed           |    66 |    63 ||   129
       Constrict         |    22 |    22 ||    44
       Kick              |     9 |    17 ||    26
       Tentacles         |     8 |    17 ||    25
       Punch             |     2 |     2 ||     4
 Cast: Beastly Appendage |    14 |    15 ||    29
  Use: Potion            |       |     1 ||     1
 Stab: Sleeping          |     3 |       ||     3
  Eat: Chunk             |     1 |     5 ||     6
Armor: Skin              |     2 |     5 ||     7
Dodge: Dodged            |    46 |    50 ||    96
